 Dungeon Crawl Stone Soup version 0.17-a0-1753-g75d4604 (webtiles) character file.

31 Rationalist the Skirmisher (level 3, -3/34 HPs)
             Began as a Naga Berserker on Sept 2, 2015.
             Was a Believer of Trog.
             Slain by a giant gecko (5 damage)
             ... on level 2 of the Dungeon.
             The game lasted 00:02:36 (810 turns).

Rationalist the Skirmisher (Naga Berserker)          Turns: 810, Time: 00:02:36

Health: -3/34      AC:  2    Str: 19    XL:     3   Next: 22%
Magic:  3/3        EV: 10    Int:  7    God:    Trog [**....]
Gold:   47         SH:  0    Dex: 11    Spells: 0 memorised, 2 levels left

rFire  . . .     SeeInvis +     a - +0 hand axe
rCold  . . .     Clarity  .     b - +0 animal skin
rNeg   . . .     SustAt   .     (no shield)
rPois  +         Gourm    .     (no helmet)
rElec  .         Spirit   .     (no cloak)
rCorr  .         Warding  .     (no gloves)
rMut   .         Stasis   .     (no barding)
MR     .....                    (no amulet)
Stlth  +.........               (no ring)
                                (no ring)

@: very slow, not resistant to hostile enchantments, very unstealthy
A: see invisible, deformed body, poison resistance, slowness 2, slow metabolism
1, spit poison 2, AC +1
a: Spit Poison, Burn Spellbooks, Berserk, Trog's Hand, Renounce Religion


You were on level 2 of the Dungeon.
You worshipped Trog.
Trog was pleased with you.
You were not hungry.

You visited 1 branch of the dungeon, and saw 2 of its levels.

You collected 47 gold pieces.

Inventory:

Hand weapons
 a - a +0 hand axe (weapon)
Missiles
 e - 17 bolts
 f - 22 sling bullets
 g - 16 poisoned needles
 h - 13 poisoned bolts
Armour
 b - a +0 animal skin (worn)
Scrolls
 j - a scroll of noise {unknown}
Potions
 d - 2 potions of heal wounds {unknown}
 i - a potion of haste {unknown}
 k - a potion of lignification {unknown}
Comestibles
 c - a bread ration


   Skills:
 + Level 3.5 Fighting
 + Level 3.2 Axes
 + Level 1.7 Armour
 + Level 2.0 Dodging
 + Level 0.4 Stealth


You had 2 spell levels left.
You didn't know any spells.

Dungeon Overview and Level Annotations

Branches:
Dungeon (2/15)

Altars:


Innate Abilities, Weirdness & Mutations

You cannot wear boots.
Your serpentine skin is tough (AC +1).
You have supernaturally acute eyesight.
Armour fits poorly on your strangely shaped body.
Your system is resistant to poisons.
You cover ground very slowly.
You have a slow metabolism.
You can spit poison.


Message History

The giant gecko barely misses you. The hobgoblin hits you.
You hit the giant gecko but do no damage.
You closely miss the hobgoblin.
The hobgoblin is lightly wounded.
The giant gecko closely misses you. The hobgoblin closely misses you.
You closely miss the giant gecko. You hit the hobgoblin but do no damage.
The hobgoblin is lightly wounded.
The giant gecko barely misses you. The hobgoblin closely misses you.
The giant gecko bites you.
You completely miss the giant gecko. You hit the hobgoblin.
You kill the hobgoblin!
Trog accepts your kill. The giant gecko bites you.
* * * LOW HITPOINT WARNING * * *
You completely miss the giant gecko. The giant gecko bites you.
* * * LOW HITPOINT WARNING * * *
You barely miss the giant gecko. The giant gecko bites you.
* * * LOW HITPOINT WARNING * * *
The giant gecko bites you.
You die...

....#..(..
#.....##.####
##...........#
#......<...$.#
.............#
#..........####
#.....>.†.....#
#(<.(.†@l/....#
##.######(#...#
.... .. #
......# ...
###..%.# ..#
...... .#
..##### # ###


You could see a giant gecko.

Vanquished Creatures
  An ooze (D:1)
  2 bats (D:1)
  3 hobgoblins
  3 jackals (D:1)
  A ball python (D:2)
  2 giant geckos (D:2)
  6 goblins
  4 kobolds (D:1)
  4 rats (D:1)
26 creatures vanquished.

Notes
Turn   | Place    | Note
--------------------------------------------------------------
     0 | D:1      | Rationalist the Naga Berserker began the quest for the Orb.
     0 | D:1      | Reached XP level 1. HP: 21/21 MP: 1/1
     6 | D:1      | Noticed a salamander
     6 | D:1      | Noticed a four-headed hydra
     6 | D:1      | Noticed a crocodile
     7 | D:1      | Noticed a hog
     7 | D:1      | Noticed a black bear
   292 | D:1      | Reached XP level 2. HP: 14/28 MP: 2/2
   632 | D:1      | Reached XP level 3. HP: 21/34 MP: 3/3
   795 | D:2      | Acquired Trog's second power
   810 | D:2      | Slain by a giant gecko

Vault maps used:
D:1:      onia_arrival_zoo_common, minmay_misc_feat_hallway
D:2:      ecumenical_altar_2

Action                   || total
-------------------------++-------
Melee: Hand axe          ||    72
Invok: Berserk           ||     1
